details: 'reupload of the 350 apm ghoul massing tryhard'

« prev index next »

General information

Mini Map

Players

team 1
HumanZombieCaylee (green | 88 APM | 3490 actions | 39:36)
Hero icon 7 Paladin
Ability icon 3 Holy Light
Ability icon 3 Divine Shield
Ability icon 1 Resurrection
Hero icon 4 Mountain King
Ability icon 2 Storm Bolt
Ability icon 2 Bash

» actions
Assign group hotkey63
Basic commands149
Build / train153
ESC pressed10
Enter build submenu68
Enter hero's abilities submenu11
Give item / drop item6
Right click1537
Select / deselect711
Select group hotkey403
Use ability379
3490 total
» units
Peasant28
Footman9
Goblin Shredder1
Goblin Zeppelin2
Priest5
Gryphon Rider5
Knight6
Dragonhawk Rider6
Rifleman1
Flying Machine6
69 total
» upgrades
Defend1
Masonry2
Swords2
Plating2
Priest Training2
Animal War Training1
Cloud1
Magic Sentry1
12 total
» buildings
Barracks2
Altar of Kings2
Farm18
Scout Tower38
Arcane Tower2
Lumber Mill2
Town Hall3
Guard Tower13
Arcane Vault3
Keep1
Blacksmith2
Castle1
Arcane Sanctum1
Gryphon Aviary3
Workshop1
92 total
» build order
00:05 Barracks
00:11 Altar of Kings
00:31 Farm
00:35 Farm
00:58 Farm
01:31 Scout Tower
02:12 Farm
02:22 Farm
02:38 Arcane Tower
03:49 Lumber Mill
04:39 Farm
05:23 Farm
05:29 Scout Tower
05:59 Town Hall
06:00 Arcane Tower
06:11 Scout Tower
06:12 Scout Tower
06:12 Scout Tower
06:18 Scout Tower
06:18 Scout Tower
06:21 Scout Tower
06:22 Scout Tower
06:23 Scout Tower
06:37 Scout Tower
06:38 Scout Tower
06:49 Guard Tower
07:40 Scout Tower
07:41 Scout Tower
07:42 Scout Tower
08:05 Guard Tower
08:07 Scout Tower
08:09 Scout Tower
08:10 Scout Tower
08:12 Arcane Vault
08:42 Guard Tower
09:05 Guard Tower
09:10 Arcane Vault
09:42 Keep
09:43 Guard Tower
10:16 Scout Tower
10:17 Scout Tower
10:25 Guard Tower
10:29 Blacksmith
10:30 Blacksmith
10:54 Guard Tower
10:57 Farm
12:32 Castle
12:55 Guard Tower
13:16 Arcane Sanctum
13:18 Gryphon Aviary
13:19 Gryphon Aviary
14:24 Farm
14:25 Farm
14:27 Gryphon Aviary
14:29 Farm
14:31 Farm
18:38 Farm
18:52 Arcane Vault
22:05 Town Hall
22:25 Scout Tower
22:26 Scout Tower
22:30 Scout Tower
22:31 Scout Tower
23:04 Guard Tower
25:56 Guard Tower
26:18 Scout Tower
26:19 Scout Tower
26:20 Scout Tower
27:22 Guard Tower
28:46 Town Hall
28:53 Scout Tower
28:56 Scout Tower
30:02 Workshop
30:04 Scout Tower
30:20 Guard Tower
34:09 Farm
34:10 Farm
34:11 Farm
34:12 Farm
34:12 Farm
34:27 Scout Tower
34:27 Scout Tower
34:29 Scout Tower
34:29 Scout Tower
34:47 Altar of Kings
36:30 Lumber Mill
36:45 Barracks
38:47 Guard Tower
39:06 Scout Tower
39:07 Scout Tower
39:07 Scout Tower
39:09 Scout Tower
» items
Boots of Speed2
Scroll of Regeneration5
Lesser Clarity Potion11
Ivory Tower4
Potion of Mana8
Scroll of Town Portal2
Potion of Healing3
Periapt of Vitality1
Potion of Lesser Invulnerability2
Scroll of Healing1
Orb of Fire1
Staff of Sanctuary1
41 total
team 2
Undeadgkftndltek123 (red | 362 APM | 14352 actions | 39:35)
Hero icon 7 Dreadlord
Ability icon 3 Sleep
Ability icon 3 Vampiric Aura
Ability icon 1 Inferno
Hero icon 3 Death Knight
Ability icon 2 Death Coil
Ability icon 1 Unholy Aura
Hero icon 3 Lich
Ability icon 2 Frost Nova
Ability icon 1 Dark Ritual

» actions
Assign group hotkey82
Basic commands626
Build / train171
ESC pressed2
Enter build submenu22
Enter hero's abilities submenu13
Give item / drop item4
Right click2730
Select / deselect3165
Select group hotkey7334
Use ability203
14352 total
» units
Acolyte32
Ghoul31
Obsidian Statue13
Meatwagon4
Gargoyle16
96 total
» upgrades
Unholy Strength1
Unholy Armor1
Ghoul Frenzy1
Destroyer Form1
Creature Attack1
Creature Carapace1
6 total
» buildings
Crypt2
Ziggurat7
Altar of Darkness1
Graveyard1
Tomb of Relics2
Nerubian Tower1
Spirit Tower4
Halls of the Dead3
Necropolis1
Black Citadel1
Slaughterhouse2
25 total
» build order
00:08 Crypt
00:11 Ziggurat
00:37 Altar of Darkness
00:57 Graveyard
01:24 Ziggurat
01:38 Tomb of Relics
04:12 Ziggurat
04:28 Ziggurat
05:05 Nerubian Tower
05:07 Ziggurat
05:45 Spirit Tower
06:02 Spirit Tower
06:02 Spirit Tower
06:27 Halls of the Dead
06:28 Halls of the Dead
08:02 Necropolis
08:04 Crypt
08:19 Ziggurat
08:26 Tomb of Relics
09:00 Black Citadel
09:04 Slaughterhouse
09:24 Slaughterhouse
31:47 Ziggurat
» items
Rod of Necromancy6
Sacrificial Skull3
Scroll of Town Portal3
Potion of Healing2
Orb of Corruption1
15 total